TOP OF THE 1ST |
Lowell Spinners batting - Pitching for Minnesota (NYP) Twins : LHP Mike Horton
|
Pitching: LHP Mike Horton
|
|
Batting: RHB Nick Cottrell
|
0-0: Ball 1-0: Called Strike 1-1: Ball 2-1: Ball 3-1: Called Strike 3-2: Fly out, F6 (Popup, 6M, EV 75.6 MPH)
|
Batting: LHB Nelis Geurts
|
0-0: Ball 1-0: Foul Ball, location: 2F 1-1: SINGLE (Groundball, 34D, EV 111.2 MPH)
|
Batting: RHB Guillermo Quintero
|
0-0: Called Strike 0-1: Called Strike 0-2: Ball 1-2: Fly out, F8 (Flyball, 8RM, EV 89.4 MPH)
|
Batting: RHB Joel Vazquez
|
0-0: Ball Nelis Geurts steals 2nd base 1-0: Ball 2-0: SINGLE (Flyball, 78S, EV 99.4 MPH) Nelis Geurts to third Runner from 3rd tries for Home, SAFE, throw by LF to home
|
Batting: RHB Tommy Boudreaux
|
0-0: Called Strike 0-1: Foul Ball, location: 2F 0-2: SINGLE (Groundball, 34D, EV 102.5 MPH) Joel Vazquez to second Runner from 2nd tries for 3rd, SAFE, throw by RF made to third
|
Batting: LHB Danny Montoya
|
0-0: Foul Ball, location: 2F 0-1: Ball 1-1: Called Strike 1-2: Ball 2-2: Ball 3-2: Base on Balls Tommy Boudreaux to second
|
Batting: LHB Masumi Abe
|
0-0: Called Strike 0-1: Ball 1-1: DOUBLE (Flyball, 89XD, EV 105.0 MPH) Joel Vazquez scores Tommy Boudreaux scores Danny Montoya to third Runner from 3rd tries for Home, SAFE, throw by CF to trailing runner, SAFE at third!
|
Batting: SHB Jared Snyder
|
0-0: Foul Ball, location: 2F 0-1: Swinging Strike 0-2: SINGLE (Groundball, 6M, EV 98.1 MPH) (infield hit) Masumi Abe scores
|
Batting: RHB Jose Conde
|
0-0: Ball 1-0: Called Strike 1-1: Fielders Choice at 2nd, 6-4 (Groundball, 56, EV 108.1 MPH)
|
Top of the 1st over - 5 runs, 5 hits, 0 errors, 1 left on base; Lowell 5 - Minnesota (NYP) 0 |
BOTTOM OF THE 1ST |
Minnesota (NYP) Twins batting - Pitching for Lowell Spinners : RHP Mike Schroeder
|
Pitching: RHP Mike Schroeder
|
|
Batting: LHB Chris Munguia
|
0-0: Ball 1-0: Foul Ball, location: 2F 1-1: Ball 2-1: Ball 3-1: Called Strike 3-2: SINGLE (Groundball, 34D, EV 98.8 MPH)
|
Batting: LHB Seung-jun Chang
|
0-0: Called Strike Chris Munguia steals 2nd base (no throw) 0-1: Foul Ball, location: 2F 0-2: Ball 1-2: Strikes out swinging
|
Batting: RHB Miguel Diaz
|
0-0: Ground out 2-3 (Groundball, 13S, EV 73.1 MPH) Chris Munguia to third
|
Batting: RHB Jose Nunez
|
0-0: Ball 1-0: Ground out 4-3 (Groundball, 4, EV 83.1 MPH)
|
Bottom of the 1st over - 0 runs, 1 hit, 0 errors, 1 left on base; Lowell 5 - Minnesota (NYP) 0 |
TOP OF THE 2ND |
Lowell Spinners batting - Pitching for Minnesota (NYP) Twins : LHP Mike Horton
|
Batting: RHB Nick Cottrell
|
0-0: Ball 1-0: Ball 2-0: Called Strike 2-1: Foul Ball, location: 2F 2-2: Foul Ball, location: 2F 2-2: Foul Ball, location: 2F 2-2: Ball 3-2: Foul Ball, location: 2F 3-2: Ground out 3-1 (Groundball, 34, EV 80.0 MPH)
|
Batting: LHB Nelis Geurts
|
0-0: Called Strike 0-1: Ground out 3-1 (Groundball, 34S, EV 65.0 MPH)
|
Batting: RHB Guillermo Quintero
|
0-0: Fly out, F8 (Flyball, 8RS, EV 85.0 MPH)
|
Top of the 2nd over - 0 runs, 0 hits, 0 errors, 0 left on base; Lowell 5 - Minnesota (NYP) 0 |
BOTTOM OF THE 2ND |
Minnesota (NYP) Twins batting - Pitching for Lowell Spinners : RHP Mike Schroeder
|
Batting: RHB Michael McDonald
|
0-0: Foul Ball, location: 2F 0-1: Ball 1-1: Swinging Strike 1-2: Foul Ball, location: 2F 1-2: Ball 2-2: Foul Ball, location: 2F 2-2: Fly out, F8 (Flyball, 8RD, EV 99.4 MPH)
|
Pitching: RHP Josh Graham
|
|
Batting: RHB Graham Calvert
|
0-0: Swinging Strike 0-1: Foul Ball, location: 2F 0-2: Strikes out swinging
|
Batting: RHB Gustavo Pacheco
|
0-0: Ball 1-0: Ground out 4-3 (Groundball, 34, EV 103.8 MPH)
|
Bottom of the 2nd over - 0 runs, 0 hits, 0 errors, 0 left on base; Lowell 5 - Minnesota (NYP) 0 |
TOP OF THE 3RD |
Lowell Spinners batting - Pitching for Minnesota (NYP) Twins : LHP Mike Horton
|
Batting: RHB Joel Vazquez
|
0-0: Ball 1-0: Ball 2-0: Foul Ball, location: 2F 2-1: Called Strike 2-2: Ball 3-2: Base on Balls
|
Batting: RHB Tommy Boudreaux
|
0-0: SINGLE (Line Drive, 34D, EV 104.4 MPH) Joel Vazquez to second
|
Batting: LHB Danny Montoya
|
0-0: Grounds into double play, 6-4-3 (Groundball, 6M, EV 83.1 MPH) Joel Vazquez to third
|
Batting: LHB Masumi Abe
|
0-0: Ground out 6-3 (Groundball, 4M, EV 81.9 MPH)
|
Top of the 3rd over - 0 runs, 1 hit, 0 errors, 1 left on base; Lowell 5 - Minnesota (NYP) 0 |
BOTTOM OF THE 3RD |
Minnesota (NYP) Twins batting - Pitching for Lowell Spinners : RHP Josh Graham
|
Batting: SHB Donell Burney
|
0-0: Swinging Strike 0-1: Ball 1-1: Ball 2-1: Ground out 5-3 (Groundball, 5L, EV 101.9 MPH)
|
Batting: RHB Alex Loaiza
|
0-0: Ball 1-0: Swinging Strike 1-1: Foul Ball, location: 2F 1-2: Ground out 1-3 (Groundball, 13S, EV 66.2 MPH)
|
Batting: LHB Chris Munguia
|
0-0: DOUBLE (Groundball, 5L, EV 105.0 MPH)
|
Batting: LHB Seung-jun Chang
|
0-0: Called Strike 0-1: Ball 1-1: Called Strike 1-2: Ball 2-2: Reached on error, E4 (Groundball, 4, EV 85.0 MPH) Chris Munguia to third
|
Batting: RHB Miguel Diaz
|
0-0: Called Strike Seung-jun Chang steals 2nd base 0-1: Swinging Strike 0-2: Strikes out swinging
|
Bottom of the 3rd over - 0 runs, 1 hit, 1 error, 2 left on base; Lowell 5 - Minnesota (NYP) 0 |
TOP OF THE 4TH |
Lowell Spinners batting - Pitching for Minnesota (NYP) Twins : LHP Mike Horton
|
Batting: SHB Jared Snyder
|
0-0: Ball 1-0: Called Strike 1-1: Ball 2-1: Foul Ball, location: 2F 2-2: SINGLE (Groundball, 6D, EV 97.5 MPH)
|
Batting: RHB Jose Conde
|
0-0: Ball 1-0: Ball 2-0: Ball 3-0: Called Strike 3-1: Base on Balls Jared Snyder to second
|
Batting: RHB Nick Cottrell
|
0-0: Fielders Choice at 2nd, 4-6 (Groundball, 4M, EV 91.2 MPH) Jared Snyder to third
|
Batting: LHB Nelis Geurts
|
0-0: Ball 1-0: Called Strike 1-1: SINGLE (Groundball, 34D, EV 103.1 MPH) Jared Snyder scores Nick Cottrell to second Throwing error, E9 Nick Cottrell scores Nelis Geurts to second
|
Pitching: RHP Kevin Colgin
|
|
Batting: RHB Guillermo Quintero
|
0-0: Ball 1-0: Ball 2-0: Ball 3-0: Base on Balls
|
Batting: RHB Joel Vazquez
|
0-0: SINGLE (Groundball, 6, EV 96.9 MPH) Nelis Geurts to third Guillermo Quintero to second
|
Batting: RHB Tommy Boudreaux
|
0-0: Swinging Strike 0-1: Swinging Strike 0-2: Strikes out swinging
|
Batting: LHB Danny Montoya
|
0-0: Ball 1-0: Foul Ball, location: 2F 1-1: Ball 2-1: Ball 3-1: Base on Balls Nelis Geurts scores Guillermo Quintero to third Joel Vazquez to second
|
Batting: LHB Masumi Abe
|
0-0: Ball 1-0: Called Strike 1-1: Ball 2-1: Ball Passed Ball! Guillermo Quintero scores Joel Vazquez to third Danny Montoya to second 3-1: Swinging Strike 3-2: Ground out 4-3 (Groundball, 4, EV 90.0 MPH)
|
Top of the 4th over - 4 runs, 3 hits, 1 error, 2 left on base; Lowell 9 - Minnesota (NYP) 0 |
BOTTOM OF THE 4TH |
Minnesota (NYP) Twins batting - Pitching for Lowell Spinners : RHP Josh Graham
|
Batting: RHB Jose Nunez
|
0-0: Fly out, F3 (Line Drive, 3, EV 65.6 MPH)
|
Batting: RHB Michael McDonald
|
0-0: Called Strike 0-1: Ball 1-1: Ball 2-1: Ball 3-1: Base on Balls
|
Batting: RHB Graham Calvert
|
0-0: Ball 1-0: Called Strike 1-1: Ball 2-1: Ball 3-1: Base on Balls Michael McDonald to second
|
Batting: RHB Gustavo Pacheco
|
0-0: Swinging Strike 0-1: Foul Ball, location: 2F 0-2: Ball 1-2: Fielders Choice at 2nd, 1-6 (Groundball, 13S, EV 71.2 MPH) Michael McDonald to third
|
Batting: SHB Donell Burney
|
0-0: Ball 1-0: Ball 2-0: Foul Ball, location: 2F 2-1: Fly out, F7 (Line Drive, 7, EV 104.4 MPH)
|
Bottom of the 4th over - 0 runs, 0 hits, 0 errors, 2 left on base; Lowell 9 - Minnesota (NYP) 0 |
TOP OF THE 5TH |
Lowell Spinners batting - Pitching for Minnesota (NYP) Twins : RHP Kevin Colgin
|
Pitching: RHP Matt Lundy
|
|
Batting: SHB Jared Snyder
|
0-0: Ball 1-0: Ball 2-0: Ball 3-0: Called Strike 3-1: SINGLE (Groundball, 4D, EV 103.8 MPH)
|
Batting: RHB Jose Conde
|
0-0: Called Strike 0-1: SINGLE (Line Drive, 6D, EV 100.6 MPH) Jared Snyder to second
|
Batting: RHB Nick Cottrell
|
0-0: Ball 1-0: SINGLE (Groundball, 34D, EV 103.1 MPH) Jared Snyder to third Jose Conde to second
|
Batting: LHB Nelis Geurts
|
0-0: Ball 1-0: Grounds into double play, 4-6-3 (Groundball, 4, EV 86.9 MPH) Jared Snyder scores Jose Conde to third
|
Batting: RHB Guillermo Quintero
|
0-0: Called Strike 0-1: Ball 1-1: 2-RUN HOME RUN (Flyball, 7D, EV 98.1 MPH), Distance : 390 ft
|
Batting: RHB Joel Vazquez
|
0-0: Ground out 6-3 (Groundball, 56, EV 91.2 MPH)
|
Top of the 5th over - 3 runs, 4 hits, 0 errors, 0 left on base; Lowell 12 - Minnesota (NYP) 0 |
BOTTOM OF THE 5TH |
Minnesota (NYP) Twins batting - Pitching for Lowell Spinners : RHP Josh Graham
|
Batting: RHB Alex Loaiza
|
0-0: Called Strike 0-1: Foul Ball, location: 2F 0-2: Strikes out looking
|
Batting: LHB Chris Munguia
|
0-0: Called Strike 0-1: Fly out, F6 (Popup, 6S, EV 71.2 MPH)
|
Batting: LHB Seung-jun Chang
|
0-0: Ball 1-0: Called Strike 1-1: Foul Ball, location: 2F 1-2: Strikes out swinging
|
Bottom of the 5th over - 0 runs, 0 hits, 0 errors, 0 left on base; Lowell 12 - Minnesota (NYP) 0 |
TOP OF THE 6TH |
Lowell Spinners batting - Pitching for Minnesota (NYP) Twins : RHP Matt Lundy
|
Batting: RHB Tommy Boudreaux
|
0-0: Ball 1-0: Ball 2-0: SINGLE (Groundball, 4MD, EV 97.5 MPH)
|
Pitching: RHP Ruben Torres
|
|
Batting: LHB Danny Montoya
|
0-0: SINGLE (Line Drive, 4MD, EV 103.1 MPH) Tommy Boudreaux to second
|
Batting: LHB Masumi Abe
|
0-0: Fly out, F6 (Flyball, 6D, EV 85.6 MPH)
|
Batting: SHB Jared Snyder
|
0-0: Ball 1-0: Ball 2-0: Ball 3-0: Base on Balls Tommy Boudreaux to third Danny Montoya to second
|
Pinch Hitting: RHB Marty King
|
0-0: Foul Ball, location: 2F 0-1: Grounds into double play, 4-6-3 (Groundball, 4, EV 83.1 MPH)
|
Top of the 6th over - 0 runs, 2 hits, 0 errors, 2 left on base; Lowell 12 - Minnesota (NYP) 0 |
BOTTOM OF THE 6TH |
Minnesota (NYP) Twins batting - Pitching for Lowell Spinners : RHP Josh Graham
|
Now in CF: John Chiesa
|
|
Batting: RHB Miguel Diaz
|
0-0: SINGLE (Line Drive, 6D, EV 107.5 MPH)
|
Pitching: RHP Bryan Paiva
|
|
Batting: RHB Jose Nunez
|
0-0: Ball 1-0: Swinging Strike 1-1: Ball 2-1: Ball 3-1: Base on Balls Miguel Diaz to second
|
Batting: RHB Michael McDonald
|
0-0: Ball 1-0: Foul Ball, location: 2F 1-1: Fly out, F9 (Flyball, 9LD, EV 88.1 MPH)
|
Batting: RHB Graham Calvert
|
0-0: Called Strike 0-1: SINGLE (Groundball, 4D, EV 111.2 MPH) Miguel Diaz to third Jose Nunez to second Runner from 3rd tries for Home, throw by CF and OUT! 8-2
|
Batting: RHB Gustavo Pacheco
|
0-0: Ball 1-0: Swinging Strike 1-1: Ball 2-1: Swinging Strike 2-2: Ball 3-2: Base on Balls Jose Nunez to third Graham Calvert to second
|
Batting: SHB Donell Burney
|
0-0: Ground out 4-3 (Groundball, 4, EV 85.6 MPH)
|
Bottom of the 6th over - 0 runs, 2 hits, 0 errors, 3 left on base; Lowell 12 - Minnesota (NYP) 0 |
TOP OF THE 7TH |
Lowell Spinners batting - Pitching for Minnesota (NYP) Twins : RHP Ruben Torres
|
Batting: RHB Nick Cottrell
|
0-0: Ground out 4-3 (Groundball, 4, EV 108.8 MPH)
|
Batting: LHB Nelis Geurts
|
0-0: Called Strike 0-1: Ball 1-1: Fly out, F7 (Flyball, 78M, EV 74.4 MPH)
|
Batting: RHB Guillermo Quintero
|
0-0: Foul Ball, location: 2F 0-1: Ball 1-1: Called Strike 1-2: Ball 2-2: Foul Ball, location: 2F 2-2: TRIPLE (Flyball, 89XD, EV 96.2 MPH)
|
Batting: RHB Joel Vazquez
|
0-0: Foul Ball, location: 2F 0-1: Ball 1-1: Ball 2-1: Foul Ball, location: 2F 2-2: Strikes out swinging
|
Top of the 7th over - 0 runs, 1 hit, 0 errors, 1 left on base; Lowell 12 - Minnesota (NYP) 0 |
BOTTOM OF THE 7TH |
Minnesota (NYP) Twins batting - Pitching for Lowell Spinners : RHP Bryan Paiva
|
Batting: RHB Alex Loaiza
|
0-0: Ball 1-0: Ground out 4-3 (Groundball, 4, EV 108.8 MPH)
|
Batting: LHB Chris Munguia
|
0-0: Called Strike 0-1: Called Strike 0-2: Foul Ball, location: 2F 0-2: Strikes out looking
|
Batting: LHB Seung-jun Chang
|
0-0: Called Strike 0-1: Foul Ball, location: 2F 0-2: Fly out, F8 (Flyball, 8LXD, EV 105.6 MPH)
|
Bottom of the 7th over - 0 runs, 0 hits, 0 errors, 0 left on base; Lowell 12 - Minnesota (NYP) 0 |
TOP OF THE 8TH |
Lowell Spinners batting - Pitching for Minnesota (NYP) Twins : RHP Ruben Torres
|
Batting: RHB Tommy Boudreaux
|
0-0: Ball 1-0: Called Strike 1-1: Ball 2-1: Foul Ball, location: 2F 2-2: Ground out 4-3 (Groundball, 4, EV 109.4 MPH)
|
Batting: LHB Danny Montoya
|
0-0: Fly out, F8 (Flyball, 89D, EV 86.2 MPH)
|
Batting: LHB Masumi Abe
|
0-0: Called Strike 0-1: Called Strike 0-2: Foul Ball, location: 2F 0-2: Ball 1-2: Ball 2-2: Foul Ball, location: 2F 2-2: Strikes out swinging
|
Top of the 8th over - 0 runs, 0 hits, 0 errors, 0 left on base; Lowell 12 - Minnesota (NYP) 0 |
BOTTOM OF THE 8TH |
Minnesota (NYP) Twins batting - Pitching for Lowell Spinners : RHP Bryan Paiva
|
Batting: RHB Miguel Diaz
|
0-0: Ball 1-0: Swinging Strike 1-1: Swinging Strike 1-2: Fly out, F4 (Line Drive, 4, EV 63.8 MPH)
|
Batting: RHB Jose Nunez
|
0-0: Ball 1-0: Foul Ball, location: 2F 1-1: Foul Ball, location: 2F 1-2: Strikes out swinging
|
Batting: RHB Michael McDonald
|
0-0: Ball 1-0: Foul Ball, location: 2F 1-1: Swinging Strike 1-2: Foul Ball, location: 2F 1-2: SOLO HOME RUN (Flyball, 7LD, EV 90.0 MPH) (Inside the Park)
|
Batting: RHB Graham Calvert
|
0-0: Ball 1-0: Ball 2-0: Swinging Strike 2-1: Ball 3-1: Base on Balls
|
Batting: RHB Gustavo Pacheco
|
0-0: Foul Ball, location: 2F 0-1: Ball 1-1: Ball Wild Pitch! Graham Calvert to second 2-1: Ball 3-1: Base on Balls
|
Batting: SHB Donell Burney
|
0-0: Called Strike 0-1: Foul Ball, location: 2F 0-2: Foul Ball, location: 2F 0-2: Ball 1-2: Reached on error, E5 (Groundball, 56S, EV 76.2 MPH) Graham Calvert scores Gustavo Pacheco to third
|
Pinch Hitting: RHB David Nardone
|
0-0: Swinging Strike 0-1: Fly out, F5 (Popup, 5S, EV 82.5 MPH)
|
Bottom of the 8th over - 2 runs, 1 hit, 1 error, 2 left on base; Lowell 12 - Minnesota (NYP) 2 |
TOP OF THE 9TH |
Lowell Spinners batting - Pitching for Minnesota (NYP) Twins : RHP Ruben Torres
|
Now in LF: David Nardone
|
|
Batting: SHB Jared Snyder
|
0-0: Ball 1-0: Swinging Strike 1-1: Ball 2-1: Swinging Strike 2-2: Ball 3-2: Base on Balls
|
Pinch Hitting: RHB Jose Diaz
|
0-0: Ball 1-0: Ball 2-0: Grounds into double play, 6-4-3 (Groundball, 6, EV 104.4 MPH)
|
Pitching: RHP Chris Starcher
|
|
Batting: RHB Nick Cottrell
|
0-0: Ball 1-0: Swinging Strike 1-1: Ball 2-1: Ball 3-1: Base on Balls
|
Batting: LHB Nelis Geurts
|
0-0: Ground out 4-3 (Groundball, 4, EV 100.6 MPH)
|
Top of the 9th over - 0 runs, 0 hits, 0 errors, 1 left on base; Lowell 12 - Minnesota (NYP) 2 |
BOTTOM OF THE 9TH |
Minnesota (NYP) Twins batting - Pitching for Lowell Spinners : RHP Bryan Paiva
|
Pitching: RHP Matthew Baird
|
|
Now in CF: Jose Diaz
|
|
Batting: LHB Chris Munguia
|
0-0: Called Strike 0-1: Fly out, F8 (Flyball, 8RM, EV 90.0 MPH)
|
Batting: LHB Seung-jun Chang
|
0-0: Ground out 6-3 (Groundball, 56, EV 86.2 MPH)
|
Batting: RHB Miguel Diaz
|
0-0: Ball 1-0: Called Strike 1-1: Swinging Strike 1-2: SINGLE (Groundball, 5S, EV 70.6 MPH) (infield hit)
|
Pinch Hitting: RHB Motohiko Hamasaki
|
0-0: Swinging Strike 0-1: Foul Ball, location: 2F 0-2: Strikes out swinging
|
Bottom of the 9th over - 0 runs, 1 hit, 0 errors, 1 left on base; Lowell 12 - Minnesota (NYP) 2 |
|